 Dungeon Crawl Stone Soup version 0.30-a0-1094-g860fb061e7 (webtiles) character file.

Game seed: 8785638561831426874

151 ragingrage the Charlatan (level 5, -1/43 HPs)
             Began as an Armataur Artificer on Apr 17, 2023.
             Killed by divine providence
             ... invoked by an orc priest
              (16 damage)
             ... on level 3 of the Dungeon.
             The game lasted 00:04:43 (2383 turns).

ragingrage the Charlatan (Armataur Artificer)       Turns: 2383, Time: 00:04:44

Health: -1/43      AC:  7    Str: 17    XL:     5   Next: 11%
Magic:  5/5        EV:  9    Int: 11    God:
Gold:   101        SH:  0    Dex: 17    Spells: 4/4 levels left

rFire   . . .      SeeInvis .    a - +2 whip (venom)
rCold   . . .      Faith    .    (no shield)
rNeg    . . .      Spirit   .    u - +0 leather armour "Hiybuq" {Will+ Dex+4}
rPois   .          Reflect  .    (no helmet)
rElec   .          Roll     +    n - +0 cloak
rCorr   .                        l - +0 pair of gloves
Will    +....                    (no barding)
Stlth   ++                       (no amulet)
HPRegen 0.27/turn                (no ring)
MPRegen 0.09/turn                (no ring)

@: no status effects
A: large, rugged brown scales 3, deformed body, armoured tail, roll, long
tongue, awkward tongue
a: no special abilities


You were on level 3 of the Dungeon.
You visited 1 branch of the dungeon, and saw 3 of its levels.

You collected 101 gold pieces.

Inventory:

Hand Weapons
 a - a +2 whip of venom (weapon)
 b - a +0 sling
 j - a +0 dagger
 x - a +0 spear of distortion
Missiles
 z - 4 poisoned darts
Armour
 h - a scarf of resistance
 l - a +0 pair of gloves (worn)
 n - a +0 cloak (worn)
 u - the +0 leather armour "Hiybuq" (worn) {Will+ Dex+4}
   (You found it on level 2 of the Dungeon)

   Dex:       It affects your dexterity (+4).
   Will:      It increases your willpower.
Wands
 c - a wand of flame (13) (quivered)
 d - a wand of charming (12)
 e - a wand of iceblast (5)
Scrolls
 i - a scroll of fear {unknown}
 m - 3 scrolls of identify {unknown}
 s - a scroll of enchant armour {unknown}
 t - a scroll of vulnerability {unknown}
 w - a scroll of amnesia {unknown}
 y - a scroll of enchant weapon {unknown}
Potions
 f - a potion of ambrosia {unknown}
 g - a potion of flight {unknown}
 k - 3 potions of berserk rage {unknown}
 o - a potion of heal wounds {unknown}
 p - 4 potions of curing {unknown}
 q - 3 potions of degeneration {unknown}
 r - a potion of brilliance {unknown}
 v - a potion of might {unknown}
 A - a potion of lignification {unknown}


   Skills:
 - Level 2.0 Fighting
 - Level 1.7 Maces & Flails
 + Level 1.0 Polearms
 - Level 2.4 Armour
 - Level 0.6 Dodging
 - Level 3.0 Stealth
 - Level 4.0 Evocations


You had 4 spell levels left.
You didn't know any spells.
Your spell library contained the following spells:

 Spells                   Type           Power      Damage    Failure   Level
 Static Discharge         Conj/Air       0%         2-2/arc   54%         2
 Airstrike                Air            0%         2d(0-16)  99%         4
 Summon Lightning Spire   Summ/Air       0%         N/A       99%         4


Dungeon Overview and Level Annotations

Branches:
Dungeon (3/15)

Altars:

Annotations:
D:2 exclusion: downstairs
D:3 1 runed translucent door, Crazy Yiuf


Innate Abilities, Weirdness & Mutations

You are completely covered in rugged brown scales. (AC +3, +7% HP)
Armour fits poorly on your strangely shaped body.
You have a long armoured tail.
You roll when moving toward enemies. (Rampage)
Your long tongue fully drains potion bottles. (2x potion effects)
Your tongue gives you trouble enunciating. (1.5x scroll delay)


Message History

A bat is nearby!
A bat is nearby!
You closely miss the bat. The bat hits you but does no damage.
You closely miss the bat. The bat barely misses you. x2
You hit the bat. The bat hits you but does no damage.
You hit the bat.
You kill the bat!
No target in view!
No target in view!
No target in view!
No target in view!
No target in view!
No target in view!
No target in view!
You see here a stone.
You now have 101 gold pieces (gained 3).
Found a stone staircase leading down.
There is an open door here.
An orc and an orc priest come into view.
The orc shouts!
The orc priest shouts!
There are monsters nearby!
The orc priest looks encouraged for a moment.
The orc priest calls down the wrath of Beogh upon you.
Pain shoots through your body! The orc closely misses you.
You hit the orc.
The orc is poisoned.
The orc barely misses you.
You hit the orc priest.
The orc priest hits you with a +0 hand axe.
The orc hits you with a +0 trident.
You hit the orc priest.
You kill the orc!
The orc priest hits you but does no damage.
You barely miss the orc priest.
The orc priest mumbles some strange prayers to Beogh against you.
Beogh smites you!
You closely miss the orc priest.
An orc wizard comes into view.
It is wielding a +1 dagger of protection.
The orc priest mumbles some strange prayers to Beogh against you.
Beogh smites you!
You die...

. '..... .#### ... ...#......
....( .. ... ..#.....###....#
#.## .... ................ #...
.≈≈≈ .............. . #...# §§#
....#......o #.#.... ≈#
#......#.# .#.#.... ≈# #.o)...#.#
........ ≈# #≈.....§#.@...##.#
#.....< ≈## ##≈......#^....##.#
#....#. §§####≈≈............'#.#
#..#...
.≈≈≈§≈≈................####.####.
...§...................'.........
.......).....#.........####'####+
.............#........#..........
........†....#...............<...
........)....#...................


You could see an orc priest and an orc wizard (wandering).

Vanquished Creatures
  3 gnolls (D:3)
  3 adders
  2 worms
  3 dart slugs (D:1)
  An orc (D:3)
  2 ball pythons
  8 endoplasms (D:1)
  A giant cockroach (D:1)
  6 hobgoblins
  2 quokkas (D:2)
  4 bats
  5 goblins
  5 kobolds
  7 rats
52 creatures vanquished.

Vanquished Creatures (collateral kills)
  2 gnolls (D:3)
  An adder (D:3)
  A dart slug (D:3)
  2 ball pythons (D:3)
  A goblin (D:3)
7 creatures vanquished.

Vanquished Creatures (others)
  A gnoll (D:3)
1 creature vanquished.

Grand Total: 60 creatures vanquished

Notes
Turn   | Place    | Note
-------+----------+-------------------------------------------
     0 | D:1      | ragingrage the Armataur Artificer began the quest for the
                  | Orb.
     0 | D:1      | Reached XP level 1. HP: 16/16 MP: 1/1
    56 | D:1      | Reached skill level 1 in Fighting
   224 | D:1      | Reached XP level 2. HP: 24/24 MP: 2/2
   425 | D:1      | Reached XP level 3. HP: 25/31 MP: 3/3
   888 | D:2      | Identified the +0 leather armour "Hiybuq" {Will+ Dex+4}
  1366 | D:2      | Found a faded altar of an unknown god.
  1373 | D:2      | Reached XP level 4. HP: 37/38 MP: 4/4
  1856 | D:3      | Reached skill level 1 in Maces & Flails
  1880 | D:3      | Reached skill level 4 in Evocations
  1970 | D:3      | Reached XP level 5. HP: 27/43 MP: 5/5
  2103 | D:3      | Found a runed translucent door.
  2104 | D:3      | Noticed Crazy Yiuf
  2119 | D:3      | Reached skill level 1 in Polearms
  2383 | D:3      | Killed from afar by an orc priest

Illustrated notes

Levels and vault maps discovered:
D:1:      giann_bridges, layout_loops_ring, minmay_pentomino_u4
D:2:      layout_basic, basic_ecumenical_altar, minmay_misc_feat_plants,
          palyth_stone_intersect
D:3:      layout_basic, kennysheep_decorative_pillar,
          hangedman_abyss_or_decor_stabs, uniq_crazy_yiuf_cottage

Skill      XL: |  1  2  3  4  5 |
---------------+----------------+-----
Fighting       | 1 2 |  2.0
Stealth        | 2 3 |  3.0
Maces & Flails | 1 |  1.7
Evocations     | 4 |  4.0
Polearms       | 1 |  1.0
Armour         | |  2.4
Dodging        | |  0.6

Action                     |  1- 3 |  4- 6 || total
---------------------------+-------+-------++-------
  Melee: Staff             |   115 |       ||   115
         Club              |    12 |       ||    12
         Tailslap          |    17 |     5 ||    22
         Punch             |     2 |       ||     2
         Whip              |     8 |    38 ||    46
   Fire: Sling             |     4 |       ||     4
  Evoke: Wand              |       |     5 ||     5
   Stab: Sleeping          |     9 |     1 ||    10
 Armour: Leather armour    |    56 |    13 ||    69
  Dodge: Dodged            |    61 |    18 ||    79

Table legend: (Time is in decaauts)
 A = Elapsed time spent in this place.
 B = Non-inter-level travel time spent in this place.
 C = Inter-level travel time spent in this place.
 D = Time resting spent in this place.
 E = Time spent auto-exploring this place.
 F = Levels seen in this place.
 G = Mean time per level.
                   A        B        C        D        E       F      G
               +--------+--------+--------+--------+--------+-----+--------+
         Total |   2410 |   2317 |     93 |    206 |   1504 |   3 |  803.3 |
       Dungeon |   2410 |   2317 |     93 |    206 |   1504 |   3 |  803.3 |
               +--------+--------+--------+--------+--------+-----+--------+

Top non-repeatable levels by time:
     D:2: 947 daAuts
     D:1: 785 daAuts
     D:3: 677 daAuts
